[Event "2023 Mary Thomson Cup (Division E)"]
[Site "Woodvale, Perth WA AUS"]
[Date "2023.02.22"]
[Round "4"]
[White "Powell, Darren"]
[Black "Maujean, Jean Michel"]
[Result "1/2-1/2"]
[ECO "C50"]
[WhiteElo "1355"]
[BlackElo "1307"]
[PlyCount "78"]
[EventDate "2023.02.01"]
[EventType "tourn"]
[EventRounds "7"]
[EventCountry "AUS"]
[TimeControl "3600+30"]

1. e4 e5 2. Nc3 Nf6 3. Bc4 Bc5 4. Nf3 d6 5. h3 Nc6 6. d3 h6 7. O-O O-O 8. Nd5
Nxd5 9. Bxd5 Ne7 10. Bb3 Be6 11. Nd2 c6 12. Bxe6 fxe6 13. Qg4 Rf6 14. Nb3 Bb6
15. Be3 d5 16. Nc5 Bxc5 17. Bxc5 b6 18. Be3 Qe8 19. f4 exf4 20. Bxf4 Ng6 21.
Rf3 Nxf4 22. Rxf4 Qe7 23. Raf1 Raf8 24. c3 Rxf4 25. Rxf4 Rxf4 26. Qxf4 e5 27.
Qf5 Qd6 28. b4 a5 29. a3 axb4 30. axb4 c5 31. b5 dxe4 32. Qxe4 Kf7 33. c4 Qd4+
34. Qxd4 exd4 35. Kf2 Ke6 36. Kf3 Ke5 37. g4 g5 38. Kg3 Kf6 39. h4 Ke5 1/2-1/2

[Event "2023 Mary Thomson Cup (Division E)"]
[Site "Woodvale, Perth WA AUS"]
[Date "2023.02.22"]
[Round "4"]
[White "Hounsome, David"]
[Black "De Vas, Senudi"]
[Result "1-0"]
[ECO "A06"]
[WhiteElo "1393"]
[BlackElo "1247"]
[PlyCount "133"]
[EventDate "2023.02.01"]
[EventType "tourn"]
[EventRounds "7"]
[EventCountry "AUS"]
[TimeControl "3600+30"]

1. b3 d5 2. Bb2 c5 3. e3 Nc6 4. Bb5 Nf6 5. Nf3 Bg4 6. d4 e6 7. O-O Bd6 8. h3
Bxf3 9. Qxf3 cxd4 10. exd4 O-O 11. Bxc6 bxc6 12. Nd2 Re8 13. Rfe1 Rc8 14. c4
Bb4 15. Re2 Bxd2 16. Rxd2 dxc4 17. bxc4 Qa5 18. Bc3 Qa6 19. Qe2 Qa3 20. Rc2 c5
21. dxc5 Qxc5 22. Bb2 Rc7 23. Rac1 Rec8 24. Qe5 Qxe5 25. Bxe5 Rc6 26. f3 Nd7
27. Bd4 a6 28. c5 e5 29. Be3 Nf6 30. Kf2 Nd5 31. a3 Rb8 32. Rd1 Nxe3 33. Kxe3
h6 34. g4 Rb5 35. Rdc1 Rb3+ 36. Rc3 Rxc3+ 37. Rxc3 f6 38. Ke4 Rc8 39. c6 Kf8
40. Kd5 Ke8 41. Kc5 Kd8 42. Rb3 g6 43. Rb7 Ra8 44. Rf7 Rc8 45. Rxf6 Kc7 46.
Rxg6 Rf8 47. Rg7+ Kc8 48. Kb6 a5 49. Ra7 Kd8 50. Ra8+ Ke7 51. Rxf8 Kxf8 52. c7
Ke7 53. c8=Q Kf6 54. Qf5+ Kg7 55. Qxe5+ Kf7 56. Kxa5 h5 57. gxh5 Kg8 58. h6 Kh7
59. Qe6 Kh8 60. Kb5 Kh7 61. a4 Kh8 62. a5 Kh7 63. a6 Kh8 64. a7 Kh7 65. Qf6 Kg8
66. a8=Q+ Kh7 67. Qah8# 1-0

[Event "2023 Mary Thomson Cup (Division F)"]
[Site "Woodvale, Perth WA AUS"]
[Date "2023.02.22"]
[Round "4"]
[White "Bordas, Lindsay"]
[Black "Markou, Victor"]
[Result "1-0"]
[ECO "C41"]
[WhiteElo "1056"]
[BlackElo "1070"]
[PlyCount "71"]
[EventDate "2023.02.01"]
[EventType "swiss"]
[EventRounds "7"]
[EventCountry "AUS"]
[TimeControl "3600+30"]

1. e4 e5 2. Nf3 d6 3. Bc4 Nf6 4. Ng5 d5 5. exd5 Nxd5 6. Qf3 f6 7. Bxd5 Qe7 8.
Nf7 Rg8 9. Nd6+ cxd6 10. Bxg8 Nc6 11. Bd5 Nd4 12. Qd3 Bf5 13. Be4 Bxe4 14. Qxe4
d5 15. Qd3 Rc8 16. Na3 Qc7 17. c3 Bxa3 18. bxa3 Ne6 19. Qxd5 Qd7 20. Qxd7+ Kxd7
21. O-O Nf4 22. d4 Ne2+ 23. Kh1 exd4 24. cxd4 Re8 25. Be3 Nc3 26. d5 Nxd5 27.
Rad1 Ke6 28. Bxa7 Re7 29. Rfe1+ Kf7 30. Rxe7+ Nxe7 31. Rb1 Nc8 32. Rxb7+ Kg6
33. Rc7 Nd6 34. a4 Ne4 35. a5 Nxf2+ 36. Bxf2 1-0

[Event "2023 Mary Thomson Cup (Division F)"]
[Site "Woodvale, Perth WA AUS"]
[Date "2023.02.22"]
[Round "4"]
[White "Gough, Sebastian"]
[Black "Lanham, Bruce"]
[Result "0-1"]
[ECO "D35"]
[WhiteElo "1080"]
[BlackElo "1181"]
[PlyCount "117"]
[EventDate "2023.02.01"]
[EventType "swiss"]
[EventRounds "7"]
[EventCountry "AUS"]
[TimeControl "3600+30"]

1. d4 d5 2. c4 e6 3. Nc3 Nf6 4. Bf4 dxc4 5. e3 c5 6. dxc5 Qxd1+ 7. Rxd1 Bxc5 8.
Bxc4 O-O 9. Bd6 Bxd6 10. Rxd6 a6 11. Nf3 b5 12. Bb3 Nbd7 13. O-O Bb7 14. Ng5
Rfd8 15. Rfd1 Rab8 16. Bc2 h6 17. Nge4 Nxe4 18. Bxe4 Bxe4 19. Nxe4 Rb7 20. Nc5
Rc7 21. h3 Rxc5 22. Rxd7 Rxd7 23. Rxd7 Rc1+ 24. Kh2 Rc2 25. Rd6 a5 26. Ra6 a4
27. b3 axb3 28. axb3 Rb2 29. Ra3 b4 30. Ra1 Rxb3 31. Kg3 Kf8 32. Ra4 Ke7 33.
Ra7+ Kf6 34. Rb7 g6 35. Kf3 h5 36. g4 h4 37. Rb6 g5 38. Rb5 Rb2 39. Rb7 b3 40.
Rb8 Rb1 41. Kg2 Kg6 42. Rb4 e5 43. Rb5 f6 44. Rb4 b2 45. Rb3 f5 46. Rb6+ Kf7
47. gxf5 e4 48. f3 exf3+ 49. Kf2 Rh1 50. Rb7+ Kf6 51. Rb6+ Kf7 52. Rb7+ Ke8 53.
Rb8+ Kd7 54. Rb7+ Kc6 55. Rxb2 Rh2+ 56. Kxf3 Rxb2 57. Kg4 Rg2+ 58. Kf3 Rg3+ 59.
Kf2 0-1

[Event "2023 Mary Thomson Cup (Division F)"]
[Site "Woodvale, Perth WA AUS"]
[Date "2023.02.22"]
[Round "4"]
[White "Young, Manfred"]
[Black "Rennie, Mike"]
[Result "1-0"]
[ECO "D00"]
[WhiteElo "1171"]
[BlackElo "869"]
[PlyCount "91"]
[EventDate "2023.02.01"]
[EventType "swiss"]
[EventRounds "7"]
[EventCountry "AUS"]
[TimeControl "3600+30"]

1. d4 d5 2. Nc3 e6 3. Nf3 Nc6 4. a3 Nf6 5. Bg5 Be7 6. e3 O-O 7. Bd3 a5 8. h3 b6
9. O-O Ba6 10. Nb5 h6 11. Bh4 Qd7 12. Bxf6 gxf6 13. c4 Na7 14. Nh2 f5 15. f4 c6
16. Nxa7 dxc4 17. Nxc6 cxd3 18. Ne5 Qd5 19. Qh5 Kg7 20. Rf3 Qxf3 21. gxf3 Rac8
22. Kf2 Rc2+ 23. Ke1 d2+ 24. Kd1 Rc1+ 25. Rxc1 dxc1=Q+ 26. Kxc1 Rc8+ 27. Kb1
Rf8 28. Nhg4 fxg4 29. Qxg4+ Kh7 30. f5 Rg8 31. Qh5 Rg1+ 32. Kc2 Rg2+ 33. Kd1
Be2+ 34. Ke1 Rg5 35. Qxf7+ Rg7 36. Qxe6 Bxf3 37. Nxf3 Bf8 38. Ne5 Rg1+ 39. Kf2
Rg5 40. Ng6 Bg7 41. Qf7 h5 42. h4 Rg4 43. Nf4 Rxh4 44. f6 Rg4 45. Qxh5+ Bh6 46.
Qxg4 1-0

[Event "2023 Mary Thomson Cup (Division A)"]
[Site "Woodvale, Perth WA AUS"]
[Date "2023.03.01"]
[Round "5"]
[White "Lakner, Jay"]
[Black "Saxon, Marc"]
[Result "1-0"]
[ECO "A29"]
[WhiteElo "2123"]
[BlackElo "1977"]
[PlyCount "85"]
[EventDate "2023.02.01"]
[EventType "tourn"]
[EventRounds "7"]
[EventCountry "AUS"]
[TimeControl "3600+30"]

1. c4 Nf6 2. Nc3 e5 3. Nf3 Nc6 4. g3 d5 5. cxd5 Nxd5 6. Bg2 Bc5 7. Nxe5 Nxc3 8.
Bxc6+ bxc6 9. dxc3 Qf6 10. Nd3 Bd6 11. Qa4 O-O 12. Be3 Bf5 13. O-O-O Rab8 14.
g4 Bg6 15. h4 Rfe8 16. h5 Be4 17. g5 Qf5 18. Rh4 Rb5 19. h6 Bxd3 20. Rxd3 Reb8
21. Qd4 Bf8 22. b3 Ra5 23. g6 hxg6 24. h7+ Kh8 25. a4 Be7 26. Rh1 Bf6 27. Qc4
Rd5 28. Kc2 Rbd8 29. Rhd1 Qh5 30. Rxd5 cxd5 31. Qxc7 Qf5+ 32. Rd3 Rc8 33. Qxf7
Rxc3+ 34. Kd1 Rxd3+ 35. exd3 Qf3+ 36. Kc2 Qe2+ 37. Bd2 Kxh7 38. Qxd5 Qxf2 39.
b4 Be7 40. Qe4 Bg5 41. Qh1+ Kg8 42. Qd5+ Qf7 43. Qxf7+ 1-0

[Event "2023 Mary Thomson Cup (Division A)"]
[Site "Woodvale, Perth WA AUS"]
[Date "2023.03.01"]
[Round "5"]
[White "Davoll, Josh"]
[Black "Maggs, Derwent"]
[Result "0-1"]
[ECO "B13"]
[WhiteElo "1927"]
[BlackElo "2307"]
[PlyCount "46"]
[EventDate "2023.02.01"]
[EventType "tourn"]
[EventRounds "7"]
[EventCountry "AUS"]
[TimeControl "3600+30"]

1. e4 c6 2. d4 d5 3. exd5 cxd5 4. Bd3 Nc6 5. c3 Nf6 6. h3 g6 7. Bf4 Bf5 8. Nf3
Bg7 9. Qe2 Bxd3 10. Qxd3 O-O 11. Nbd2 a6 12. a4 Re8 13. O-O Nh5 14. Bh2 Bh6 15.
Rfe1 Rc8 16. Ne5 Nxe5 17. Rxe5 e6 18. g4 Nf4 19. Qf3 Nxh3+ 20. Qxh3 Bxd2 21. f4
Qb6 22. Rd1 Qxb2 23. Re2 Qxc3 0-1

[Event "2023 Mary Thomson Cup (Division A)"]
[Site "Woodvale, Perth WA AUS"]
[Date "2023.03.18"]
[Round "5"]
[White "O'Shaughnessy, Dave"]
[Black "Laubbacher, Jamie"]
[Result "1-0"]
[ECO "D01"]
[WhiteElo "1986"]
[BlackElo "2179"]
[PlyCount "89"]
[EventDate "2023.02.01"]
[EventType "tourn"]
[EventRounds "7"]
[EventCountry "AUS"]
[TimeControl "3600+30"]

{Played away from club} 1. Nc3 d5 2. d4 Nf6 3. Bg5 c5 4. e3 Bf5 5. Nf3 e6 6.
Bd3 Bxd3 7. Qxd3 cxd4 8. Qb5+ Nbd7 9. exd4 Be7 10. O-O O-O 11. Rab1 Qc7 12. Bh4
a6 13. Qd3 Rfc8 14. Rfc1 Bd6 15. Bg3 b5 16. a3 Bxg3 17. hxg3 Qc4 18. Nd2 Qxd3
19. cxd3 Rc7 20. b4 Rac8 21. Na2 Rc2 22. Ra1 Ne8 23. Nb3 Rxc1+ 24. Rxc1 Rxc1+
25. Naxc1 Nc7 26. Nc5 Nb8 27. N1b3 Nc6 28. f4 f6 29. Kf2 Kf7 30. Ke3 h5 31. Na5
Ne7 32. Nab3 Nc6 33. Na5 Nxa5 34. bxa5 Ke7 35. Kd2 Kd6 36. Kc3 g5 37. Kb4 Kc6
38. fxg5 fxg5 39. Nb3 Kd6 40. Nc5 e5 41. dxe5+ Kxe5 42. Nxa6 Nxa6+ 43. Kxb5 Kd6
44. Kxa6 Kc6 45. d4 1-0

[Event "2023 Mary Thomson Cup (Division A)"]
[Site "Woodvale, Perth WA AUS"]
[Date "2023.03.01"]
[Round "5"]
[White "Gibson, Jacob"]
[Black "Maris, Rob"]
[Result "1-0"]
[ECO "B44"]
[WhiteElo "1964"]
[BlackElo "2078"]
[PlyCount "73"]
[EventDate "2023.02.01"]
[EventType "tourn"]
[EventRounds "7"]
[EventCountry "AUS"]
[TimeControl "3600+30"]

1. e4 c5 2. Nf3 Nc6 3. d4 cxd4 4. Nxd4 e6 5. Nb5 d6 6. c4 Nf6 7. N1c3 a6 8. Na3
Be7 9. Be2 O-O 10. O-O b6 11. Be3 Rb8 12. f4 Nd7 13. Bf3 Bb7 14. Qd2 Qc7 15.
Nc2 Rfd8 16. Rad1 Ba8 17. Qe2 Na5 18. b3 b5 19. Rc1 bxc4 20. b4 Nb7 21. Na3 d5
22. exd5 Bxb4 23. Nxc4 Bxc3 24. dxe6 fxe6 25. Ba7 Nbc5 26. Bxb8 Bd4+ 27. Kh1
Qxb8 28. Bxa8 Qxa8 29. Rfd1 Bf6 30. Nb6 Nxb6 31. Rxd8+ Qxd8 32. Rxc5 Qd6 33.
Rc1 Nd5 34. Rc8+ Kf7 35. Qh5+ g6 36. Qxh7+ Bg7 37. Rg8 1-0

[Event "2023 Mary Thomson Cup (Division B)"]
[Site "Woodvale, Perth WA AUS"]
[Date "2023.03.01"]
[Round "5"]
[White "Barry, David"]
[Black "De Yaak, Peter"]
[Result "1/2-1/2"]
[ECO "B33"]
[WhiteElo "1895"]
[BlackElo "1892"]
[PlyCount "105"]
[EventDate "2023.02.01"]
[EventType "tourn"]
[EventRounds "7"]
[EventCountry "AUS"]
[TimeControl "3600+30"]

1. e4 c5 2. Nf3 Nc6 3. d4 cxd4 4. Nxd4 Qb6 5. Nb3 Nf6 6. Nc3 e6 7. Be3 Qd8 8.
a3 Be7 9. Be2 h6 10. Qd2 a6 11. f4 b5 12. e5 Nh7 13. Ne4 O-O 14. Nd6 f6 15.
Nxc8 Qxc8 16. Nd4 Nxd4 17. Bxd4 fxe5 18. fxe5 Bh4+ 19. g3 Bg5 20. Qd3 Qc6 21.
Rf1 Rxf1+ 22. Bxf1 Rf8 23. h4 Be7 24. O-O-O Rc8 25. Bc3 Nf8 26. Be2 Bxa3 27.
Bd4 Bc5 28. Bf3 Qb6 29. b4 Bxd4 30. Qxd4 Qxd4 31. Rxd4 Rc7 32. h5 Ra7 33. Be2
Nh7 34. c4 Rc7 35. Kb2 bxc4 36. Rxc4 Rxc4 37. Bxc4 Kf7 38. Kc3 Ng5 39. Bxa6 Nf3
40. b5 Nxe5 41. Bb7 Ke7 42. Kd4 d6 43. Kc3 Nd7 44. Kb4 Kd8 45. Ka5 Kc7 46. Bc6
Nb6 47. Kb4 e5 48. Bf3 {(1)} Nc8 49. Ka5 Nb6 50. Kb4 {(2)} Kb8 51. Bc6 Kc8 52.
Bg2 Kc7 53. Bf3 {(3) Draw claimed by threefold repitition} 1/2-1/2

[Event "2023 Mary Thomson Cup (Division B)"]
[Site "Woodvale, Perth WA AUS"]
[Date "2023.03.01"]
[Round "5"]
[White "Clarke, Daniel"]
[Black "List, Ross"]
[Result "0-1"]
[ECO "B41"]
[WhiteElo "1854"]
[BlackElo "1773"]
[PlyCount "60"]
[EventDate "2023.02.01"]
[EventType "tourn"]
[EventRounds "7"]
[EventCountry "AUS"]
[TimeControl "3600+30"]

1. e4 c5 2. Nf3 e6 3. d4 cxd4 4. Nxd4 a6 5. Be3 Qc7 6. c3 Nf6 7. Nd2 b6 8. Be2
Bb7 9. Bf3 d6 10. O-O Nbd7 11. g3 Ne5 12. Bg2 Neg4 13. Re1 Nxe3 14. Rxe3 Be7
15. Qb3 O-O 16. Rae1 Rfe8 17. R3e2 Rac8 18. Bh3 Kh8 19. Bf1 Nd7 20. Qc2 Ne5 21.
N4f3 Nc4 22. Nxc4 Qxc4 23. a3 Qc7 24. Bg2 b5 25. Nd4 Qb6 26. Qb3 Ba8 27. a4 Rb8
28. axb5 axb5 29. Re3 b4 30. c4 Qxd4 0-1

[Event "2023 Mary Thomson Cup (Division B)"]
[Site "Woodvale, Perth WA AUS"]
[Date "2023.03.01"]
[Round "5"]
[White "Janceski, Alex"]
[Black "Mechlowski, Lennard"]
[Result "1-0"]
[ECO "E00"]
[WhiteElo "1870"]
[BlackElo "1805"]
[PlyCount "87"]
[EventDate "2023.02.01"]
[EventType "tourn"]
[EventRounds "7"]
[EventCountry "AUS"]
[TimeControl "3600+30"]

1. d4 Nf6 2. c4 e6 3. a3 d5 4. e3 c5 5. dxc5 Bxc5 6. b4 Be7 7. c5 O-O 8. Bb2 a5
9. Nf3 axb4 10. axb4 Rxa1 11. Bxa1 b6 12. cxb6 Qxb6 13. b5 Nbd7 14. Be2 Bb4+
15. Nbd2 Ne4 16. O-O Nc3 17. Bxc3 Bxc3 18. Qc2 Bxd2 19. Nxd2 Bb7 20. Nb3 Rc8
21. Qb2 e5 22. h3 f5 23. Rd1 Qd8 24. Qa2 Nb6 25. Bf3 e4 26. Be2 Qd6 27. Nd4 g6
28. Qb3 Qc5 29. Ra1 Qc3 30. Qb1 Ra8 31. Rxa8+ Bxa8 32. Qa2 Qc1+ 33. Kh2 Qc7+
34. g3 Kf7 35. Qa6 Qb7 36. Qa3 Qc7 37. Qb4 Qe7 38. Qc3 Bb7 39. Nb3 Qd6 40. Qh8
Qf8 41. Qxh7+ Qg7 42. Qh4 Qb2 43. Nd4 Nc4 44. Qh7+ 1-0

[Event "2023 Mary Thomson Cup (Division B)"]
[Site "Woodvale, Perth WA AUS"]
[Date "2023.03.01"]
[Round "5"]
[White "Leonhardt, Wolfgang"]
[Black "Curthoys, Edward"]
[Result "1/2-1/2"]
[ECO "E00"]
[WhiteElo "1778"]
[BlackElo "1826"]
[PlyCount "64"]
[EventDate "2023.02.01"]
[EventType "tourn"]
[EventRounds "7"]
[EventCountry "AUS"]
[TimeControl "3600+30"]

1. d4 Nf6 2. c4 e6 3. a3 b6 4. Nc3 d5 5. Bg5 Be7 6. f3 Bb7 7. e3 O-O 8. Qc2
Nbd7 9. Bd3 h6 10. Bh4 c5 11. Nge2 Rc8 12. b3 cxd4 13. exd4 dxc4 14. bxc4 Ne8
15. Bxe7 Qxe7 16. Qb3 Nd6 17. O-O Ba6 18. Nb5 Nxb5 19. cxb5 Bb7 20. Rac1 Nf6
21. Bc4 Bd5 22. a4 Qd6 23. Rfd1 Rfd8 24. g3 Bxc4 25. Rxc4 Rxc4 26. Qxc4 Nd5 27.
Kf2 Qa3 28. Rd3 Qa1 29. Nc1 Qb2+ 30. Ne2 Qa1 31. Nc1 Qb2+ 32. Ne2 Qa1 1/2-1/2

[Event "2023 Mary Thomson Cup (Division C)"]
[Site "Woodvale, Perth WA AUS"]
[Date "2023.03.15"]
[Round "5"]
[White "Browning, Thomas"]
[Black "De Vas, Yonal"]
[Result "1-0"]
[ECO "D20"]
[WhiteElo "1601"]
[BlackElo "1739"]
[PlyCount "61"]
[EventDate "2023.02.01"]
[EventType "tourn"]
[EventRounds "7"]
[EventCountry "AUS"]
[TimeControl "3600+30"]

1. d4 d5 2. c4 dxc4 3. e4 e5 4. Nf3 Bg4 5. Bxc4 Bb4+ 6. Bd2 Bxd2+ 7. Nbxd2 exd4
8. Bxf7+ Kxf7 9. Ne5+ Kf8 10. Qxg4 Nf6 11. Qh4 Qe8 12. f4 c5 13. O-O Nc6 14.
Nec4 Nxe4 15. Rae1 b5 16. Rxe4 Qd8 17. Qxd8+ Rxd8 18. Ne5 Nxe5 19. fxe5+ Ke7
20. e6 Rhf8 21. Rxf8 Rxf8 22. Re5 Rc8 23. Ne4 d3 24. Kf2 Rd8 25. Ke3 b4 26.
Rxc5 Kxe6 27. Rc4 Ke5 28. Rxb4 g6 29. Nd2 a6 30. Re4+ Kf5 31. Rd4 1-0

[Event "2023 Mary Thomson Cup (Division C)"]
[Site "Woodvale, Perth WA AUS"]
[Date "2023.03.01"]
[Round "5"]
[White "Bhatia, Abhay"]
[Black "Hintz, Steven"]
[Result "1-0"]
[ECO "D30"]
[WhiteElo "1625"]
[BlackElo "1606"]
[PlyCount "121"]
[EventDate "2023.02.01"]
[EventType "tourn"]
[EventRounds "7"]
[EventCountry "AUS"]
[TimeControl "3600+30"]

1. d4 Nf6 2. c4 e6 3. Bg5 d5 4. e3 Be7 5. Nf3 O-O 6. Nbd2 Nbd7 7. Qc2 h6 8. Bh4
c6 9. c5 Qc7 10. Bg3 Qd8 11. h3 Re8 12. Bd3 Bf8 13. Bh4 e5 14. dxe5 Nxe5 15.
Nxe5 Rxe5 16. Nf3 Re8 17. O-O Be7 18. Rad1 Nd7 19. Bxe7 Qxe7 20. b4 Ne5 21. Be2
Nxf3+ 22. Bxf3 Qf6 23. Qe2 Bf5 24. b5 Be4 25. Bxe4 Rxe4 26. bxc6 bxc6 27. Qa6
Re6 28. Rb1 Re7 29. Rb6 Rc7 30. Rfb1 Kh7 31. Rb7 Qe7 32. Qd3+ g6 33. Rxc7 Qxc7
34. Qa6 Qc8 35. Qxc8 Rxc8 36. Rb7 Kg7 37. Rxa7 Kf6 38. f4 h5 39. a4 Ke6 40. a5
f6 41. a6 Kf5 42. Re7 h4 43. a7 Ra8 44. Kf2 g5 45. g3 hxg3+ 46. Kxg3 gxf4+ 47.
exf4 d4 48. Kf3 d3 49. Ke3 d2 50. Kxd2 Kxf4 51. h4 Kg4 52. Rh7 f5 53. Ke3 f4+
54. Kf2 f3 55. h5 Rd8 56. Rd7 Re8 57. Re7 Rd8 58. Ke3 Kxh5 59. Kxf3 Rd3+ 60.
Ke4 Ra3 61. Ke5 1-0

[Event "2023 Mary Thomson Cup (Division C)"]
[Site "Woodvale, Perth WA AUS"]
[Date "2023.03.01"]
[Round "5"]
[White "Garang, Kuol Awan"]
[Black "Gough, Dylan"]
[Result "1/2-1/2"]
[ECO "B07"]
[WhiteElo "1619"]
[BlackElo "1742"]
[PlyCount "123"]
[EventDate "2023.02.01"]
[EventType "tourn"]
[EventRounds "7"]
[EventCountry "AUS"]
[TimeControl "3600+30"]

1. e4 d6 2. f4 g6 3. Bc4 Bg7 4. Nf3 Bg4 5. c3 Nd7 6. Bxf7+ Kf8 7. Bxg8 Rxg8 8.
O-O Nc5 9. d3 Bh6 10. b4 Nd7 11. e5 Rg7 12. h3 Bxf3 13. Qxf3 c6 14. d4 Kg8 15.
d5 Qb6+ 16. Kh1 dxe5 17. dxc6 Qxc6 18. fxe5 Bxc1 19. Qxc6 bxc6 20. Rxc1 Nxe5
21. a4 Rf7 22. Nd2 Nd3 23. Rf1 Raf8 24. Kg1 Rf2 25. Ne4 Re2 26. Rxf8+ Kxf8 27.
Rf1+ Ke8 28. Ng5 h5 29. Rd1 Nf4 30. g3 Rg2+ 31. Kf1 Rxg3 32. Rd4 Nxh3 33. Ne6
Rxc3 34. Kg2 g5 35. b5 cxb5 36. axb5 Nf4+ 37. Nxf4 gxf4 38. Rxf4 Rc5 39. Ra4
Rxb5 40. Rxa7 Kf7 41. Kh3 Rf5 42. Kh4 Kf6 43. Ra8 e6 44. Ra6 Rd5 45. Ra8 Kg6
46. Rg8+ Kf7 47. Rh8 Rf5 48. Rh7+ Kf6 49. Rh6+ Ke5 50. Kg3 Kd5 51. Rh7 e5 52.
Ra7 Rf4 53. Ra5+ Ke6 54. Ra6+ Kf5 55. Ra8 h4+ 56. Kg2 Rg4+ 57. Kh3 Rd4 58. Ra5
Ke6 59. Ra6+ Kd5 60. Ra5+ Kc4 61. Rxe5 Rf4 62. Rh5 1/2-1/2

[Event "2023 Mary Thomson Cup (Division D)"]
[Site "Woodvale, Perth WA AUS"]
[Date "2023.03.01"]
[Round "5"]
[White "Boswarva, Ernest"]
[Black "Michael, Ashley"]
[Result "0-1"]
[ECO "A40"]
[WhiteElo "1519"]
[BlackElo "1540"]
[PlyCount "106"]
[EventDate "2023.02.01"]
[EventType "tourn"]
[EventRounds "7"]
[EventCountry "AUS"]
[TimeControl "3600+30"]

1. d4 e5 2. dxe5 d6 3. Bg5 Qxg5 4. Nf3 Qh5 5. Qd4 Nc6 6. Qa4 dxe5 7. Nc3 Bd6 8.
e4 Bd7 9. Nb5 Qg6 10. O-O-O Nge7 11. Nxd6+ cxd6 12. Qa3 Nc8 13. h4 Bg4 14. Be2
Qxe4 15. Rhe1 Qf4+ 16. Kb1 O-O 17. g3 Qb4 18. Qe3 Nb6 19. c3 Bf5+ 20. Ka1 Qc5
21. Qg5 e4 22. Nd4 Nxd4 23. Rxd4 Bg6 24. Qd2 d5 25. h5 Bf5 26. g4 Be6 27. h6 f6
28. hxg7 Rfe8 29. Qh6 Qe7 30. g5 Qxg7 31. Rh1 fxg5 32. Qxg7+ Kxg7 33. Rg1 h6
34. f4 exf3 35. Bxf3 Rf8 36. Bh5 Rf6 37. Rdd1 Raf8 38. Rde1 Bf7 39. Re7 Kg8 40.
Bd1 Bh5 41. Bxh5 Rf1+ 42. Re1 Rxg1 43. Rxg1 Nc4 44. Kb1 Rf1+ 45. Rxf1 Nd2+ 46.
Kc1 Nxf1 47. Kc2 Ng3 48. Bf3 h5 49. Kd2 Ne4+ 50. Ke3 g4 51. Bxe4 dxe4 52. Kxe4
h4 53. Kf4 h3 0-1

[Event "2023 Mary Thomson Cup (Division E)"]
[Site "Woodvale, Perth WA AUS"]
[Date "2023.03.01"]
[Round "5"]
[White "Wu, Kobe"]
[Black "Hounsome, David"]
[Result "0-1"]
[ECO "C02"]
[WhiteElo "1289"]
[BlackElo "1393"]
[PlyCount "152"]
[EventDate "2023.02.01"]
[EventType "tourn"]
[EventRounds "7"]
[EventCountry "AUS"]
[TimeControl "3600+30"]

1. e4 e6 2. d4 d5 3. e5 c5 4. c3 Nc6 5. Nf3 Qb6 6. Bd3 Bd7 7. Bc2 Nh6 8. O-O
Nf5 9. dxc5 Bxc5 10. b4 Be7 11. Bxf5 exf5 12. Qxd5 Be6 13. Qd3 Rd8 14. Qc2 O-O
15. Be3 Qc7 16. Nd4 Nxd4 17. Qb2 Nc6 18. Nd2 Qxe5 19. Nf3 Qc7 20. b5 Na5 21. b6
Qc6 22. Ne5 Qd5 23. Bd4 Nc4 24. Nxc4 Qxc4 25. bxa7 Qa6 26. Rab1 Bd5 27. Rfe1
Bd6 28. Qb5 Qc6 29. Qxc6 Bxc6 30. Bb6 Rde8 31. Red1 Be5 32. c4 Rc8 33. Re1 Be4
34. Rb4 Bc3 35. Bc5 Rxc5 36. Ra4 Ra5 37. Rxa5 Bxa5 38. Rd1 Ra8 39. f3 Bc6 40.
Kf2 Rxa7 41. Ke2 Bc7 42. Rd2 g6 43. h4 Bf4 44. Rc2 Ra3 45. Ke1 b5 46. cxb5 Bxb5
47. Kf2 Bd7 48. g3 Be5 49. Rd2 Be6 50. f4 Bf6 51. Kg2 Rxa2 52. Rxa2 Bxa2 53.
Kh3 h6 54. g4 fxg4+ 55. Kxg4 Be6+ 56. Kg3 g5 57. fxg5 hxg5 58. hxg5 Bxg5 59.
Kg2 Kg7 60. Kg3 Kf6 61. Kf3 Kf5 62. Ke2 Ke4 63. Kf2 Bh4+ 64. Ke2 f5 65. Kd2 f4
66. Kc3 Ke3 67. Kc2 Bg4 68. Kc3 f3 69. Kc4 f2 70. Kc3 f1=Q 71. Kb4 Be7+ 72. Kb3
Be6+ 73. Kb2 Qe2+ 74. Kc1 Ba3+ 75. Kb1 Bf5+ 76. Ka1 Qb2# 0-1

[Event "2023 Mary Thomson Cup (Division F)"]
[Site "Woodvale, Perth WA AUS"]
[Date "2023.03.01"]
[Round "5"]
[White "Rennie, Mike"]
[Black "Bordas, Lindsay"]
[Result "0-1"]
[ECO "C00"]
[WhiteElo "869"]
[BlackElo "1056"]
[PlyCount "52"]
[EventDate "2023.02.01"]
[EventType "swiss"]
[EventRounds "7"]
[EventCountry "AUS"]
[TimeControl "3600+30"]

1. e4 e6 2. d3 d5 3. Nc3 Bc5 4. Nf3 Nc6 5. Be3 d4 6. Nxd4 Bxd4 7. Nb5 Bxe3 8.
fxe3 a6 9. Nd4 Nxd4 10. exd4 Qxd4 11. Qc1 Nf6 12. Be2 e5 13. c3 Qc5 14. h3 O-O
15. Qd2 b5 16. Rc1 Rd8 17. b4 Qb6 18. g4 Nxe4 19. Bf3 Nxd2 20. Bxa8 Qe3+ 21.
Kd1 Rxd3 22. Kc2 Rxc3+ 23. Kd1 Rxc1+ 24. Kxc1 Be6 25. Rh2 Nf3+ 26. Kb1 Nxh2 0-1

[Event "2023 Mary Thomson Cup (Division F)"]
[Site "Woodvale, Perth WA AUS"]
[Date "2023.03.01"]
[Round "5"]
[White "Dawoud, Ahmad"]
[Black "Gough, Sebastian"]
[Result "1/2-1/2"]
[ECO "A42"]
[WhiteElo "923"]
[BlackElo "1080"]
[PlyCount "145"]
[EventDate "2023.02.01"]
[EventType "swiss"]
[EventRounds "7"]
[EventCountry "AUS"]
[TimeControl "3600+30"]

1. d4 Nf6 2. c4 g6 3. d5 Bg7 4. Nc3 d6 5. e4 e5 6. b3 c5 7. Bb2 b6 8. Nge2 Nbd7
9. Nb5 Nb8 10. Ng3 a6 11. Nc3 O-O 12. Be2 Qc7 13. O-O Nbd7 14. Bg4 Rb8 15. Bh3
b5 16. Qd3 b4 17. Nce2 Nb6 18. Bxc8 Nxc8 19. a3 a5 20. a4 Re8 21. f4 h6 22. f5
g5 23. h3 Nd7 24. Nh5 Nf6 25. Nxg7 Kxg7 26. Qg3 Nh5 27. Qf3 Nf6 28. Ng3 Rh8 29.
Nh5+ Nxh5 30. Qxh5 f6 31. Qg6+ Kf8 32. Qxf6+ Kg8 33. Qe6+ Qf7 34. Qg6+ Qxg6 35.
fxg6 Kg7 36. Rf2 Rf8 37. Rxf8 Kxf8 38. Rf1+ Kg7 39. Rf7+ Kxg6 40. Rd7 Kf6 41.
Bc1 Kg6 42. g3 Ra8 43. Rd8 Kg7 44. h4 gxh4 45. gxh4 Rb8 46. h5 Ra8 47. Rd7+ Kh8
48. Bxh6 Kg8 49. Bg7 Rb8 50. h6 Kh7 51. Bf8+ Kh8 52. Bxd6 Nxd6 53. Rxd6 Rg8+
54. Kh2 Rg4 55. Re6 Rxe4 56. d6 Rd4 57. Rxe5 Rxd6 58. Rxc5 Rxh6+ 59. Kg2 Rg6+
60. Kf3 Rh6 61. Rg5 Rf6+ 62. Ke4 Ra6 63. c5 Rc6 64. Kd5 Rc8 65. Kd6 Ra8 66. Kc7
Ra7+ 67. Kb8 Rf7 68. c6 Rf8+ 69. Kb7 Rf7+ 70. c7 Kh7 71. Kb8 Rf3 72. c8=Q Rf8
73. Qxf8 1/2-1/2

[Event "2023 Mary Thomson Cup (Division F)"]
[Site "Woodvale, Perth WA AUS"]
[Date "2023.03.01"]
[Round "5"]
[White "Young, Manfred"]
[Black "Brooke, John"]
[Result "0-1"]
[ECO "D01"]
[WhiteElo "1171"]
[BlackElo "1301"]
[PlyCount "65"]
[EventDate "2023.02.01"]
[EventType "swiss"]
[EventRounds "7"]
[EventCountry "AUS"]
[TimeControl "3600+30"]

1. d4 d5 2. Nc3 Nf6 3. Bg5 e6 4. e3 Be7 5. Bd3 a6 6. h3 Bd7 7. Nf3 Nc6 8. a3
Na5 9. Ne5 h6 10. Nxf7 Kxf7 11. Bxf6 Bxf6 12. Qh5+ Ke7 13. O-O Nc4 14. e4 Bxd4
15. exd5 Nd6 16. dxe6 Be8 17. Qh4+ Bf6 18. Nd5+ Kf8 19. Qxf6+ gxf6 20. e7+ Qxe7
21. Nxe7 Kxe7 22. Rfe1+ Kf7 23. Re3 Bc6 24. c4 Rae8 25. Rg3 Reg8 26. c5 Rxg3
27. fxg3 Nb5 28. Rd1 Re8 29. Bf5 Re5 30. Bd7 Rxc5 31. a4 Nd6 32. b4 Rc3 33.
Bxc6 0-1

[Event "2023 Mary Thomson Cup (Division A)"]
[Site "Woodvale, Perth WA AUS"]
[Date "2023.03.08"]
[Round "6"]
[White "Saxon, Marc"]
[Black "Maris, Rob"]
[Result "1-0"]
[ECO "B48"]
[WhiteElo "1977"]
[BlackElo "2078"]
[PlyCount "55"]
[EventDate "2023.02.01"]
[EventType "tourn"]
[EventRounds "7"]
[EventCountry "AUS"]
[TimeControl "3600+30"]

1. e4 c5 2. Nf3 Nc6 3. d4 cxd4 4. Nxd4 e6 5. Nc3 Qc7 6. Be3 a6 7. Qd2 Bb4 8.
O-O-O Nf6 9. f3 Ne5 10. Nb3 b5 11. Qe1 Nc4 12. Bxc4 bxc4 13. Nd4 O-O 14. g4 Bb7
15. g5 Ne8 16. h4 Qa5 17. Bd2 Rb8 18. Qg3 Nc7 19. h5 f5 20. gxf6 Rxf6 21. Rdg1
Rf7 22. Rh4 Kh8 23. Rg4 Rg8 24. a3 e5 25. axb4 Qa1+ 26. Nb1 exd4 27. Qxc7 d5
28. Qxf7 1-0